PUB
SEATTLE RAINIERS @ ORLANDO ORACLES
07/25/1972
 
TOP OF THE 1ST
Seattle Rainiers batting - Pitching for Orlando Oracles : LHP Kieran Morris
Pitching: LHP Kieran Morris
Batting: RHB Allan Fanner 0-0: Called Strike
0-1: Swinging Strike
0-2: Strikes out swinging
Batting: LHB Ricardo Castro 0-0: Called Strike
0-1: SINGLE (Flyball, 89S, EV 91.3 MPH)
Batting: RHB Ron Santo 0-0: Ball
1-0: Called Strike
1-1: Foul Ball, location: 9LDF
1-2: Strikes out swinging
Batting: SHB Raúl Díaz 0-0: Called Strike
0-1: Fly out, F7 (Flyball, 78S, EV 98.1 MPH)
Top of the 1st over - 0 runs, 1 hit, 0 errors, 1 left on base; Seattle 0 - Orlando 0
BOTTOM OF THE 1ST
Orlando Oracles batting - Pitching for Seattle Rainiers : RHP Albert Martin
Pitching: RHP Albert Martin
Batting: LHB Matty Alou 0-0: Ball
1-0: Called Strike
1-1: Ground out 1-3 (Groundball, 34S, EV 70.0 MPH)
Batting: RHB Bob Robertson 0-0: Foul Ball, location: 9LSF
0-1: Ball
1-1: Ball
2-1: Ball
3-1: Foul Ball, location: 25F
3-2: Base on Balls
Batting: RHB Miguel Chávez 0-0: Called Strike
0-1: Called Strike
0-2: 2-RUN HOME RUN (Flyball, 7D, EV 96.9 MPH), Distance : 368 ft
Batting: LHB Ken'ichi Taketo 0-0: Foul Ball, location: 7LSF
0-1: Ball
1-1: Ball
2-1: Called Strike
2-2: Ground out 4-3 (Groundball, 4S, EV 66.3 MPH)
Batting: RHB Edward Wilson 0-0: Foul Ball, location: 2F
0-1: Called Strike
0-2: Fly out, F7 (Flyball, 7LMF, EV 97.5 MPH)
Bottom of the 1st over - 2 runs, 1 hit, 0 errors, 0 left on base; Seattle 0 - Orlando 2
TOP OF THE 2ND
Seattle Rainiers batting - Pitching for Orlando Oracles : LHP Kieran Morris
Batting: RHB Aaron Andrews 0-0: Called Strike
0-1: Called Strike
0-2: Fly out, F7 (Flyball, 7LD, EV 90.0 MPH)
Batting: RHB Buddy Bell 0-0: Foul Ball, location: 3SF
0-1: Foul Ball, location: 3F
0-2: Fly out, F3 (Line Drive, 34, EV 66.9 MPH)
Batting: LHB Tom Haller 0-0: Ball
1-0: Ball
2-0: Foul Ball, location: 23FF
2-1: Swinging Strike
2-2: Foul Ball, location: 9LMF
2-2: Ball
3-2: SINGLE (Groundball, 34D, EV 101.3 MPH)
Batting: LHB Leland Pearson 0-0: SINGLE (Line Drive, 34, EV 97.5 MPH)
Tom Haller to second
Runner from 2nd tries for 3rd, SAFE, throw by RF made to third
Batting: RHB Albert Martin 0-0: Fly out, F6 (Line Drive, 6MD, EV 68.8 MPH)
Top of the 2nd over - 0 runs, 2 hits, 0 errors, 2 left on base; Seattle 0 - Orlando 2
BOTTOM OF THE 2ND
Orlando Oracles batting - Pitching for Seattle Rainiers : RHP Albert Martin
Batting: RHB Bill Freehan 0-0: Called Strike
0-1: Fly out, F9 (Flyball, 9D, EV 97.5 MPH)
Batting: RHB Cesar Cedeno 0-0: Ball
1-0: Swinging Strike
1-1: Ball
2-1: SINGLE (Line Drive, 6MD, EV 99.4 MPH)
Batting: RHB Dan Brown 0-0: Ball
1-0: Ball
2-0: Foul Ball, location: 9LSF
2-1: Swinging Strike
2-2: Ball
3-2: Strikes out looking
Batting: LHB Kieran Morris 0-0: Ball
1-0: Called Strike
1-1: Ground out U3 (Groundball, 3S, EV 85.0 MPH)
Bottom of the 2nd over - 0 runs, 1 hit, 0 errors, 1 left on base; Seattle 0 - Orlando 2
TOP OF THE 3RD
Seattle Rainiers batting - Pitching for Orlando Oracles : LHP Kieran Morris
Batting: RHB Allan Fanner 0-0: Called Strike
0-1: Ball
1-1: Foul Ball, location: 5F
1-2: Strikes out swinging
Batting: LHB Ricardo Castro 0-0: Called Strike
0-1: Ball
1-1: Swinging Strike
1-2: Strikes out swinging
Batting: RHB Ron Santo 0-0: Ball
1-0: Called Strike
1-1: Foul Ball, location: 23F
1-2: Strikes out swinging
Top of the 3rd over - 0 runs, 0 hits, 0 errors, 0 left on base; Seattle 0 - Orlando 2
BOTTOM OF THE 3RD
Orlando Oracles batting - Pitching for Seattle Rainiers : RHP Albert Martin
Batting: LHB Matty Alou 0-0: Swinging Strike
0-1: Foul Ball, location: 23FF
0-2: Foul Ball, location: 2F
0-2: Strikes out swinging
Batting: RHB Bob Robertson 0-0: Foul Ball, location: 2F
0-1: Foul Ball, location: 2F
0-2: Ball
1-2: Ground out 6-3 (Groundball, 6, EV 86.3 MPH)
Batting: RHB Miguel Chávez 0-0: Ball
1-0: Swinging Strike
1-1: Hit by Pitch
Batting: LHB Ken'ichi Taketo 0-0: Foul Ball, location: 2F
0-1: Swinging Strike
0-2: Ball
1-2: Ball
2-2: Ball
3-2: Fly out, F8 (Line Drive, 8RD, EV 94.4 MPH)
Bottom of the 3rd over - 0 runs, 0 hits, 0 errors, 1 left on base; Seattle 0 - Orlando 2
TOP OF THE 4TH
Seattle Rainiers batting - Pitching for Orlando Oracles : LHP Kieran Morris
Batting: SHB Raúl Díaz 0-0: Ball
1-0: Ball
2-0: Called Strike
2-1: Ball
3-1: Base on Balls
Batting: RHB Aaron Andrews 0-0: Ball
1-0: Grounds into double play, 6-4-3 (Groundball, 56, EV 88.1 MPH)
Batting: RHB Buddy Bell 0-0: Called Strike
0-1: Ball
1-1: Ball
2-1: Ball
3-1: Swinging Strike
3-2: Strikes out looking
Top of the 4th over - 0 runs, 0 hits, 0 errors, 0 left on base; Seattle 0 - Orlando 2
BOTTOM OF THE 4TH
Orlando Oracles batting - Pitching for Seattle Rainiers : RHP Albert Martin
Batting: RHB Edward Wilson 0-0: Called Strike
0-1: Ball
1-1: Fly out, F4 (Popup, 4S, EV 66.3 MPH)
Batting: RHB Bill Freehan 0-0: Ball
1-0: SOLO HOME RUN (Flyball, 9LD, EV 94.4 MPH), Distance : 355 ft
Batting: RHB Cesar Cedeno 0-0: Ball
1-0: Ball
2-0: Foul Ball, location: 9LSF
2-1: Ball
3-1: Called Strike
3-2: Ground out 6-3 (Groundball, 6M, EV 86.3 MPH)
Batting: RHB Dan Brown 0-0: Ball
1-0: Fly out, F5 (Line Drive, 5, EV 93.1 MPH)
Bottom of the 4th over - 1 run, 1 hit, 0 errors, 0 left on base; Seattle 0 - Orlando 3
TOP OF THE 5TH
Seattle Rainiers batting - Pitching for Orlando Oracles : LHP Kieran Morris
Batting: LHB Tom Haller 0-0: Swinging Strike
0-1: Ball
1-1: Foul Ball, location: 2F
1-2: Ground out 3-1 (Groundball, 34, EV 89.4 MPH)
Batting: LHB Leland Pearson 0-0: Bunt missed!
0-1: Foul Ball, location: 5F
0-2: Ground out 5-3 (Groundball, 56, EV 83.1 MPH)
Batting: RHB Albert Martin 0-0: Ground out 4-3 (Groundball, 4MS, EV 66.3 MPH)
Top of the 5th over - 0 runs, 0 hits, 0 errors, 0 left on base; Seattle 0 - Orlando 3
BOTTOM OF THE 5TH
Orlando Oracles batting - Pitching for Seattle Rainiers : RHP Albert Martin
Batting: LHB Kieran Morris 0-0: SINGLE (Line Drive, 7LS, EV 106.9 MPH)
Batting: LHB Matty Alou 0-0: Ball
1-0: Bunted foul
1-1: Sac Bunt to 15S - play at first, batter OUT! 1-4
Kieran Morris to second
Batting: RHB Bob Robertson 0-0: Intentional Walk
Batting: RHB Miguel Chávez 0-0: Called Strike
0-1: Ball
1-1: Fly out, F2 (Popup, 23F, EV 83.1 MPH)
Batting: LHB Ken'ichi Taketo 0-0: Called Strike
0-1: Foul Ball, location: 9LDF
0-2: Strikes out swinging
Bottom of the 5th over - 0 runs, 1 hit, 0 errors, 2 left on base; Seattle 0 - Orlando 3
TOP OF THE 6TH
Seattle Rainiers batting - Pitching for Orlando Oracles : LHP Kieran Morris
Batting: RHB Allan Fanner 0-0: Ball
1-0: Ground out 5-3 (Groundball, 56, EV 85.6 MPH)
Batting: LHB Ricardo Castro 0-0: Called Strike
0-1: Called Strike
0-2: Strikes out looking
Batting: RHB Ron Santo 0-0: Ball
1-0: Swinging Strike
1-1: Called Strike
1-2: Foul Ball, location: 25F
1-2: Strikes out looking
Top of the 6th over - 0 runs, 0 hits, 0 errors, 0 left on base; Seattle 0 - Orlando 3
BOTTOM OF THE 6TH
Orlando Oracles batting - Pitching for Seattle Rainiers : RHP Albert Martin
Batting: RHB Edward Wilson 0-0: Ball
1-0: Called Strike
1-1: Foul Ball, location: 9LMF
1-2: Foul Ball, location: 9LDF
1-2: Fly out, F7 (Flyball, 7D, EV 105.0 MPH)
Batting: RHB Bill Freehan 0-0: Called Strike
0-1: Ball
1-1: Swinging Strike
1-2: Strikes out swinging, 2-3 out at first.
Batting: RHB Cesar Cedeno 0-0: Called Strike
0-1: Called Strike
0-2: Ball
1-2: Strikes out looking
Bottom of the 6th over - 0 runs, 0 hits, 0 errors, 0 left on base; Seattle 0 - Orlando 3
TOP OF THE 7TH
Seattle Rainiers batting - Pitching for Orlando Oracles : LHP Kieran Morris
Batting: SHB Raúl Díaz 0-0: Foul Ball, location: 5F
0-1: Ball
1-1: SINGLE (Groundball, 6D, EV 104.4 MPH)
Batting: RHB Aaron Andrews 0-0: Ball
Raúl Díaz steals 2nd base
1-0: Ball
2-0: Ground out 6-3 (Groundball, 6, EV 78.1 MPH)
Raúl Díaz to third
Batting: RHB Buddy Bell 0-0: Ball
1-0: Ball
2-0: Swinging Strike
2-1: SINGLE (Flyball, 6MD, EV 89.4 MPH)
Raúl Díaz scores
Batting: LHB Tom Haller 0-0: Called Strike
0-1: Ball
1-1: Swinging Strike
1-2: Strikes out swinging
Batting: LHB Leland Pearson 0-0: Swinging Strike
0-1: Foul Ball, location: 5FF
0-2: DOUBLE (Groundball, 3L, EV 106.3 MPH)
Buddy Bell to third
Batting: RHB Albert Martin 0-0: Swinging Strike
0-1: Foul Ball, location: 2F
0-2: Strikes out looking
Top of the 7th over - 1 run, 3 hits, 0 errors, 2 left on base; Seattle 1 - Orlando 3
BOTTOM OF THE 7TH
Orlando Oracles batting - Pitching for Seattle Rainiers : RHP Albert Martin
Batting: RHB Dan Brown 0-0: Foul Ball, location: 23F
0-1: Hit by Pitch
Batting: LHB Kieran Morris 0-0: Ball
Pickoff Throw to First - Out! 1-3
1-0: Ball
2-0: Ball
3-0: Called Strike
3-1: Foul Ball, location: 2F
3-2: Foul Ball, location: 5FF
3-2: Strikes out swinging
Batting: LHB Matty Alou 0-0: Ground out 4-3 (Groundball, 4M, EV 88.1 MPH)
Bottom of the 7th over - 0 runs, 0 hits, 0 errors, 0 left on base; Seattle 1 - Orlando 3
TOP OF THE 8TH
Seattle Rainiers batting - Pitching for Orlando Oracles : LHP Kieran Morris
Batting: RHB Allan Fanner 0-0: Ball
1-0: Ground out 6-3 (Groundball, 6, EV 88.1 MPH)
Batting: LHB Ricardo Castro 0-0: Fly out, F4 (Popup, 34S, EV 75.6 MPH)
Batting: RHB Ron Santo 0-0: Foul Ball, location: 23F
0-1: Ball
1-1: Called Strike
1-2: Ground out 6-3 (Groundball, 6M, EV 83.8 MPH)
Top of the 8th over - 0 runs, 0 hits, 0 errors, 0 left on base; Seattle 1 - Orlando 3
BOTTOM OF THE 8TH
Orlando Oracles batting - Pitching for Seattle Rainiers : RHP Albert Martin
Batting: RHB Bob Robertson 0-0: Ball
1-0: Called Strike
1-1: Ball
2-1: Foul Ball, location: 3FF
2-2: SOLO HOME RUN (Flyball, 78XD, EV 102.5 MPH), Distance : 394 ft
Batting: RHB Miguel Chávez 0-0: Called Strike
0-1: Ball
1-1: Called Strike
1-2: Strikes out swinging
Batting: LHB Ken'ichi Taketo 0-0: Ball
1-0: Called Strike
1-1: Swinging Strike
1-2: Strikes out swinging
Batting: RHB Edward Wilson 0-0: Called Strike
0-1: Ball
1-1: Called Strike
1-2: Ball
2-2: DOUBLE (Groundball, 5L, EV 98.8 MPH)
Batting: RHB Bill Freehan 0-0: Ball
1-0: Called Strike
1-1: Ball
2-1: SINGLE (Groundball, 34D, EV 95.6 MPH)
Edward Wilson to third
Runner from 3rd tries for Home, SAFE, throw by RF to home
Batting: RHB Cesar Cedeno 0-0: Called Strike
0-1: Foul Ball, location: 9LSF
0-2: Ball
1-2: SINGLE (Line Drive, 6MD, EV 95.0 MPH)
Bill Freehan to second
Batting: RHB Dan Brown 0-0: Called Strike
0-1: Ball
1-1: Ball
2-1: Foul Ball, location: 2F
2-2: Ball
3-2: Foul Ball, location: 2F
3-2: Ground out 4-3 (Groundball, 4, EV 84.4 MPH)
Bottom of the 8th over - 2 runs, 4 hits, 0 errors, 2 left on base; Seattle 1 - Orlando 5
TOP OF THE 9TH
Seattle Rainiers batting - Pitching for Orlando Oracles : LHP Kieran Morris
Batting: SHB Raúl Díaz 0-0: Fly out, F9 (Flyball, 89M, EV 93.1 MPH)
Batting: RHB Aaron Andrews 0-0: Ball
1-0: Swinging Strike
1-1: Ball
2-1: Ground out 6-3 (Groundball, 6, EV 83.1 MPH)
Batting: RHB Buddy Bell 0-0: Called Strike
0-1: Ground out 6-3 (Groundball, 6, EV 86.3 MPH)
Top of the 9th over - 0 runs, 0 hits, 0 errors, 0 left on base; Seattle 1 - Orlando 5
Monday, April 15th , 2024 - OOTP Baseball 24.8 Build 75